 Dungeon Crawl Stone Soup version 0.18-a0-596-g6468885 (webtiles) character file.

60 Raultor the Cudgeler (level 3, -2/28 HPs)
             Began as a Demonspawn Gladiator on Dec 3, 2015.
             Slain by a gnoll
             ... wielding a +0 halberd
              (13 damage)
             ... on level 2 of the Dungeon.
             The game lasted 00:04:09 (1400 turns).

Raultor the Cudgeler (Demonspawn Gladiator)         Turns: 1400, Time: 00:04:09

Health: -2/28      AC:  5    Str: 15    XL:     3   Next: 82%
Magic:  3/3        EV: 12    Int: 10    God:
Gold:   90         SH:  0    Dex: 13    Spells: 0 memorised, 2 levels left

rFire  . . .     SeeInvis .     a - +0 flail
rCold  . . .     Clarity  .     b - +0 leather armour
rNeg   . . .     SustAt   .     (no shield)
rPois  .         Gourm    .     c - +0 helmet
rElec  .         Spirit   .     (no cloak)
rCorr  .         Dismiss  .     h - +0 pair of gloves
rMut   .         Stasis   .     (no boots)
MR     .....                    (no amulet)
Stlth  +.........               (no ring)
                                (no ring)

@: not resistant to hostile enchantments, very unstealthy
A: claws 2
a: no special abilities


You were on level 2 of the Dungeon.
You were not hungry.

You visited 1 branch of the dungeon, and saw 2 of its levels.

You collected 90 gold pieces.

Inventory:

Hand Weapons
 a - a +0 flail (weapon)
Missiles
 d - 3 throwing nets {=f, !d}
Armour
 b - a +0 leather armour (worn)
 c - a +0 helmet (worn)
 h - a +0 pair of gloves (worn)
   (You found it on level 1 of the Dungeon)
Scrolls
 f - a scroll of blinking {unknown}
 i - a scroll of remove curse {unknown}
 k - a scroll of recharging {unknown}
 o - a scroll of random uselessness {unknown}
Potions
 j - a potion of flight {unknown}
 n - a potion of haste {unknown}
Comestibles
 e - 2 bread rations {@e1}
 g - a beef jerky
 l - a slice of pizza
 m - a meat ration {@e2}
 p - 3 chunks of flesh {@w0}


   Skills:
 + Level 2.4 Fighting
 * Level 3.3 Maces & Flails
 - Level 1.8 Throwing
 + Level 1.1 Armour
 + Level 3.1 Dodging


You had 2 spell levels left.
You didn't know any spells.

Dungeon Overview and Level Annotations

Branches:
Dungeon (2/15)

Altars:


Innate Abilities, Weirdness & Mutations

You have very sharp fingernails.


Message History

You take 3 damage, and have 25/28 hp.
You sock the gnoll! The gnoll hits you with a club!
You take 7 damage, and have 18/28 hp.
MASSIVE DAMAGE!!
You barely miss the gnoll. The gnoll barely misses you.
You closely miss the gnoll. The gnoll barely misses you.
The gnoll barely misses you.
Things that are here:
an enchanted dagger; a kobold skeleton You see here a club.
The gnoll hits you with a halberd.
You take 3 damage, and have 18/28 hp.
You closely miss the gnoll. The gnoll hits you but does no damage.
You closely miss the gnoll. The gnoll hits you with a halberd.
You take 2 damage, and have 16/28 hp.
You hit the gnoll.
The gnoll hits you from afar with a halberd.
The gnoll hits you with a halberd.
You take 6 damage, and have 10/28 hp.
MASSIVE DAMAGE!!
The gnoll hits you but does no damage.
You see here a leather armour.
A giant gecko comes into view.
The giant gecko moves out of view.
Things that are here:
an uncursed hunting sling; 14 stones
There is a stone staircase leading up here.
You climb upwards.
There is a stone staircase leading down here.
You start resting.
You are feeling hungry.
You regained 5 hp, and now have 20/28 hp.
There is a stone staircase leading down here.
You climb downwards.
There is a stone staircase leading up here.
A goblin comes into view.
The goblin closely misses you.
You see here 5 gold pieces.
You closely miss the goblin. The goblin closely misses you.
You hit the goblin.
You kill the goblin!
No target in view!
You see here a goblin corpse.
You butcher the goblin corpse.
p - 3 chunks of flesh {@w0} Eating one of 3 chunks of flesh {@w0}.
You continue eating. x2
You now have 90 gold pieces (gained 5).
A giant gecko comes into view.
You regained 3 hp, and now have 26/28 hp.
The giant gecko bites you.
You take 1 damage, and have 25/28 hp.
You closely miss the giant gecko. The giant gecko bites you.
You take 4 damage, and have 21/28 hp.
You hit the giant gecko. The giant gecko barely misses you.
The giant gecko bites you but does no damage.
You thump the giant gecko!
You kill the giant gecko!
No target in view!
You see here a giant gecko corpse.
A hobgoblin comes into view. It is wielding a club.
The hobgoblin shouts!
You barely miss the hobgoblin.
The hobgoblin hits you but does no damage.
You hit the hobgoblin.
The hobgoblin hits you but does no damage.
The hobgoblin misses you.
You hit the hobgoblin but do no damage. The hobgoblin hits you with a club.
You take 2 damage, and have 20/28 hp.
You hit the hobgoblin.
You kill the hobgoblin!
A rat comes into view.
The rat bites you.
You take 1 damage, and have 20/28 hp.
You hit the rat.
You kill the rat!
You see here a rat corpse.
You butcher the rat corpse.
p - 3 chunks of flesh {@w0} (gained 1)
You see here a rat skeleton.
The gnoll shouts!
You hear a shout!
You hear a shout!
You hear a shout!
You see here a rat skeleton.
You see here a giant gecko corpse.
The gnoll barely misses you.
You closely miss the gnoll. The gnoll misses you.
You hit the gnoll but do no damage. The gnoll hits you with a halberd.
You take 4 damage, and have 19/28 hp.
You closely miss the gnoll. The gnoll barely misses you.
The gnoll shouts!
You hit the gnoll. The gnoll closely misses you.
You closely miss the gnoll. The gnoll hits you with a halberd.
You take 2 damage, and have 17/28 hp.
You hit the gnoll but do no damage. The gnoll misses you.
You closely miss the gnoll. The gnoll completely misses you.
You hit the gnoll but do no damage. The gnoll closely misses you.
You hit the gnoll. The gnoll hits you with a halberd!
You take 7 damage, and have 11/28 hp.
MASSIVE DAMAGE!!
You sock the gnoll! The gnoll hits you with a halberd!
You die...

.......^..# ###.#
#.# ....g.....#
#.# #.#
.##.#.###.#
#######.###.#
....#.# #
.............
#####.#
#######.###.. #.#
############.###..
#.#
#.................
#.#
#.##########.####.
#.# #@# #.# #. #.#
#g# #.# #. #.#
#.######g# #.# #<
#.# #....).gg# #.#
## #.# #.......##
#.# #.# #######.#
#.# #g# #.# #.#
#.# #.# #.#


You could see 4 gnolls.

Vanquished Creatures
  2 adders (D:2)
  2 oozes
  2 giant geckos
  6 goblins
  6 hobgoblins
  5 kobolds
  4 bats
  A giant newt (D:1)
  4 rats
32 creatures vanquished.

Notes
Turn   | Place    | Note
--------------------------------------------------------------
     0 | D:1      | Raultor the Demonspawn Gladiator began the quest for the Orb.
     0 | D:1      | Reached XP level 1. HP: 16/16 MP: 1/1
   236 | D:1      | Gained mutation: You have sharp fingernails. [demonic ancestry]
   236 | D:1      | Reached XP level 2. HP: 16/22 MP: 2/2
   265 | D:1      | Reached skill level 3 in Maces & Flails
   510 | D:1      | Reached skill level 3 in Dodging
   755 | D:2      | Gained mutation: You have very sharp fingernails. [demonic ancestry]
   755 | D:2      | Reached XP level 3. HP: 23/28 MP: 3/3
   796 | D:2      | Reached skill level 1 in Armour
   824 | D:2      | HP: 7/28 [poisoned by an adder]
   832 | D:2      | HP: 6/28 [poisoned by an adder]
  1400 | D:2      | Slain by a gnoll

Vault maps used:
D:1:      lightli_iron_boxes
D:2:      st_stairs_13

Action                   || total
-------------------------++-------
Melee: Flail             ||   108
  Use: Potion            ||     1
 Stab: Sleeping          ||     1
       Invisible         ||     2
  Eat: Chunk             ||     2

Vault maps used:
D:1:      lightli_iron_boxes
D:2:      st_stairs_13

Table legend:
 A = Turns spent in this place as a percentage of turns spent in the entire game.
 B = Non-inter-level travel turns spent in this place as a percentage of non-inter-level travel turns spent in the entire game.
 C = Inter-level travel turns spent in this place as a percentage of turns spent in this place.
 D = Turns resting spent in this place as a percentage of non-inter-level travel turns spent in this place.
 E = Turns spent auto-exploring this place as a percentage of non-inter-level travel turns spent in this place.
 F = Non-inter-level travel turns spent in this place divided by the number of levels of this place that you've seen.
                   A       B       C       D       E      F
               +-------+-------+-------+-------+-------+----------------------
         Total | 100.0 | 100.0 |   0.5 |   3.7 |  10.0 | 201.0
       Dungeon | 100.0 | 100.0 |   0.5 |   3.7 |  10.0 | 201.0
               +-------+-------+-------+-------+-------+----------------------

Table legend:
 A = Kills in this place as a percentage of kills in entire the game.
 B = Kills by you in this place as a percentage of kills by you in the entire game.
 C = Kills by friends in this place as a percentage of kills by friends in the entire game.
 D = Other kills in this place as a percentage of other kills in the entire game.
 E = Experience gained in this place as a percentage of experience gained in the entire game.
 F = Experience gained in this place divided by the number of levels of this place that you have seen.
                   A       B       C       D       E      F
               +-------+-------+-------+-------+-------+----------------------
         Total | 100.0 | 100.0 |  -nan |  -nan | 100.0 |  43.5
       Dungeon | 100.0 | 100.0 |  -nan |  -nan | 100.0 |  43.5
               +-------+-------+-------+-------+-------+----------------------
